 Dungeon Crawl Stone Soup version 0.29-a0-834-g1e95ca9f62 (webtiles) character file.

Game seed: 14858650239057180384

69 LynnLen the Sneak (level 4, -1/42 HPs)
             Began as a Vampire Enchanter on July 13, 2022.
             Slain by abessonov's ghost (2 damage)
             ... on level 3 of the Dungeon.
             The game lasted 00:07:58 (2827 turns).

LynnLen the Sneak (Vampire Enchanter)               Turns: 2827, Time: 00:07:59

Health: -1/42      AC:  3    Str:  7    XL:     4   Next: 2%
Magic:  7/7        EV: 12    Int: 17    God:
Gold:   45         SH:  0    Dex: 16    Spells: 7/7 levels left

rFire   . . .      SeeInvis +   a - +1 dagger
rCold   . . .      Faith    .   (no shield)
rNeg    . . .      Spirit   .   b - +0 robe
rPois   .          Reflect  .   m - +0 hat
rElec   .          Harm     .   (no cloak)
rCorr   .          Rampage  .   d - +0 pair of gloves
Will    .....                   (no boots)
Stlth   ..........              (no amulet)
HPRegen 0.34/turn               (no ring)
MPRegen 0.10/turn               (no ring)

@: berserking (expiring), healing quickly, very quick
A: alive, fangs 3, see invisible, vampiric 2, [frail 1]
a: Exsanguinate


You were on level 3 of the Dungeon.
You visited 1 branch of the dungeon, and saw 3 of its levels.

You collected 195 gold pieces.
You spent 150 gold pieces at shops.

Inventory:

Hand Weapons
 a - a +1 dagger (weapon)
Armour
 b - a +0 robe (worn)
 d - a +0 pair of gloves (worn)
 m - a +0 hat (worn)
Scrolls
 f - 4 scrolls of teleportation
 h - 2 scrolls of fear
 i - a scroll of fog {unknown}
 k - 2 scrolls of torment
 l - a scroll of enchant weapon
 n - a scroll of immolation {unknown}
Potions
 c - 2 potions of invisibility
 j - a potion of ambrosia


   Skills:
 * Level 1.3 Fighting
 * Level 2.4 Short Blades
 + Level 2.5 Dodging
 + Level 5.8 Stealth
 - Level 2.0 Spellcasting
 - Level 4.4 Hexes


You had 7 spell levels left.
You didn't know any spells.
Your spell library contained the following spells:

 Spells                   Type           Power      Damage    Failure   Level
 Confusing Touch          Hex            16%        N/A       10%         3
 Tukima's Dance           Hex            16%        N/A       10%         3
 Ensorcelled Hibernation  Hex/Ice        18%        N/A       12%         2
 Dazzling Flash           Conj/Hex       18%        N/A       24%         3
 Conjure Flame            Conj/Fire      1%         6-21      50%         3
 Ignite Poison            Fire/Tmut/Pois 1%         N/A       50%         3
 Sticky Flame             Conj/Fire      1%         2d3       88%         4


Dungeon Overview and Level Annotations

Branches:
Dungeon (3/15)

Altars:

Shops:
D:1 *(!

Annotations:
D:3 1 transporter, abessonov's ghost, amateur MiFi


Innate Abilities, Weirdness & Mutations

Your natural rate of healing is accelerated.
You have razor-sharp teeth.
You have supernaturally acute eyesight. (SInv)
You are afflicted with vampirism and can become a bat while bloodless.
[You are frail. (-10% HP)]


Message History

Okay, then.
A red film seems to cover your vision as you go berserk!
You feel yourself moving faster!
You feel mighty!
Abessonov's ghost turns its malevolent gaze towards you.
You feel a strong urge to attack something.
Abessonov's ghost hits you but does no damage.
You hit abessonov's ghost.
You bite abessonov's ghost, but do no damage.
Abessonov's ghost is lightly damaged.
The water moccasin skeleton bites you.
You hit abessonov's ghost but do no damage.
You bite abessonov's ghost!
Abessonov's ghost is moderately damaged.
Abessonov's ghost closely misses you.
You hit abessonov's ghost but do no damage.
Abessonov's ghost is moderately damaged.
The wyvern zombie barely misses you.
The water moccasin skeleton barely misses you.
You puncture abessonov's ghost! You bite abessonov's ghost.
Abessonov's ghost is heavily damaged.
Abessonov's ghost hits you! Abessonov's ghost freezes you!
The wyvern zombie bites you.
* * * LOW HITPOINT WARNING * * *
The water moccasin skeleton bites you but does no damage.
You hit abessonov's ghost but do no damage.
You punch abessonov's ghost. Your bite misses abessonov's ghost.
Abessonov's ghost is heavily damaged.
The wyvern zombie bites you but does no damage.
Abessonov's ghost misses you.
You hit abessonov's ghost but do no damage.
Abessonov's ghost is heavily damaged.
The water moccasin skeleton bites you.
* * * LOW HITPOINT WARNING * * *
You are too berserk!
You puncture abessonov's ghost! Your bite misses abessonov's ghost.
Abessonov's ghost is severely damaged.
The wyvern zombie bites you!
* * * LOW HITPOINT WARNING * * *
The water moccasin skeleton misses you. Abessonov's ghost hits you.
You die...

####.######.#...#.# ##
#.................# .#
####........©........# .#
#.....#############..# .#
#..<..#....$[.....#..# .#
#.....#..$........#..#
>#####.#..#..##...##..#..##
.......#..#..#8.WZ8#..#...###.#.
.#######..#..##.@Z##..#........#
## #..#.....©)....#...#.....
#..#..##...##./#...#.##.#
#..#..#8...8#..#...# # #
#..#..##...##..#...#
#..#...........#..##
#..#©..........#..#
#..#############..#
#........©........#


You could see abessonov's ghost, a wyvern zombie and a water moccasin skeleton.

Vanquished Creatures
  3 adders
  A dart slug (D:1)
  3 bats
  2 endoplasms (D:2)
  A giant cockroach (D:1)
  8 goblins
  7 hobgoblins
  A quokka (D:1)
  4 ball pythons
  2 frilled lizards
  A kobold (D:1)
  5 rats
38 creatures vanquished.

Notes
Turn   | Place    | Note
-------+----------+-------------------------------------------
     0 | D:1      | LynnLen the Vampire Enchanter began the quest for the Orb.
     0 | D:1      | Reached XP level 1. HP: 13/13 MP: 3/3
   285 | D:1      | Found Eruyzis's Weapon Shoppe.
   357 | D:1      | Found Loxurety's Distillery.
   466 | D:1      | Reached XP level 2. HP: 16/16 MP: 5/5
   496 | D:1      | Found Bubleffu's General Store.
   610 | D:1      | Reached skill level 5 in Stealth
   854 | D:1      | Reached skill level 1 in Fighting
  1421 | D:2      | Gained mutation: You are afflicted with vampirism and can
                  | become a bat while bloodless. [Vampire growth]
  1421 | D:2      | Reached XP level 3. HP: 18/20 MP: 6/6
  2379 | D:3      | Found a transporter.
  2383 | D:3      | Noticed abessonov's ghost (amateur MiFi)
  2384 | D:3      | Found a transporter.
  2485 | D:1      | Bought a scroll of enchant weapon for 90 gold pieces
  2485 | D:1      | Bought a scroll of fear for 48 gold pieces
  2485 | D:1      | Bought a scroll of noise for 12 gold pieces
  2658 | D:3      | Reached XP level 4. HP: 25/25 MP: 7/7
  2827 | D:3      | HP: 1/42 [wyvern zombie (8)]
  2827 | D:3      | Slain by abessonov's ghost

Illustrated notes

Levels and vault maps discovered:
D:1:      dpeg_arrival_circle_labyrinth_c, layout_basic, serial_shops, shop,
          nicolae_diamond_shop, shop, minmay_pentomino_r2
D:2:      layout_basic, st_stairs_7, minmay_misc_feat_alley
D:3:      layout_loops_cross, gammafunk_ghost_mausoleum,
          uniq_crazy_yiuf_cottage, uniq_robin

Skill      XL: |  1  2  3 |
---------------+----------+-----
Stealth        | 5 |  5.8
Fighting       | 1 |  1.3
Short Blades   | 2 |  2.4
Dodging        | |  2.5
Spellcasting   | |  2.0
Hexes          | |  4.4

Action                   |  1- 3 |  4- 6 || total
-------------------------+-------+-------++-------
Melee: Dagger            |   109 |     7 ||   116
       Bite              |     8 |     3 ||    11
       Punch             |     2 |     1 ||     3
 Abil: Exsanguinate      |     1 |       ||     1
       Revivify          |       |     1 ||     1
  Use: Scroll            |     4 |       ||     4
       Potion            |       |     1 ||     1
 Stab: Sleeping          |    17 |       ||    17
Armor: Robe              |    24 |     3 ||    27
Dodge: Dodged            |    57 |     5 ||    62

Table legend: (Time is in decaauts)
 A = Elapsed time spent in this place.
 B = Non-inter-level travel time spent in this place.
 C = Inter-level travel time spent in this place.
 D = Time resting spent in this place.
 E = Time spent auto-exploring this place.
 F = Levels seen in this place.
 G = Mean time per level.
                   A        B        C        D        E       F      G
               +--------+--------+--------+--------+--------+-----+--------+
         Total |   2815 |   2750 |     65 |    100 |   1789 |   3 |  938.3 |
       Dungeon |   2815 |   2750 |     65 |    100 |   1789 |   3 |  938.3 |
               +--------+--------+--------+--------+--------+-----+--------+

Top non-repeatable levels by time:
     D:1: 1278 daAuts
     D:2: 962 daAuts
     D:3: 574 daAuts
